 Dungeon Crawl Stone Soup version 0.28.0-45-g0d030f2227 (webtiles) character file.

Game seed: 1383514256270080229

93 Eitelfritz the Slasher (level 4, -2/38 HPs)
             Began as a Minotaur Gladiator on Mar 30, 2022.
             Succumbed to an orc's poison
             ... on level 3 of the Dungeon.
             The game lasted 00:02:33 (2487 turns).

Eitelfritz the Slasher (Minotaur Gladiator)         Turns: 2487, Time: 00:02:34

Health: -2/38      AC:  5    Str: 18    XL:     4   Next: 36%
Magic:  3/3        EV: 12    Int:  7    God:
Gold:   53         SH:  0    Dex: 12    Spells: 3/3 levels left

rFire   . . .      SeeInvis .   a - +0 long sword
rCold   . . .      Faith    .   (no shield)
rNeg    . . .      Spirit   .   f - +0 ring mail
rPois   .          Reflect  .   c - +0 hat
rElec   .          Harm     .   (no cloak)
rCorr   .          Rampage  .   (no gloves)
Will    .....                   (no boots)
Stlth   +.........              (no amulet)
HPRegen 0.12/turn               (no ring)
MPRegen 0.08/turn               (no ring)

@: lethally poisoned (-2 -> -24)
A: horns 2, retaliatory headbutt
a: no special abilities


You were on level 3 of the Dungeon.
You visited 1 branch of the dungeon, and saw 3 of its levels.

You collected 53 gold pieces.

Inventory:

Hand Weapons
 a - a +0 long sword (weapon)
Missiles
 d - 3 throwing nets (quivered)
 g - 2 poisoned darts
Armour
 b - a +0 leather armour
 c - a +0 hat (worn)
 f - a +0 ring mail (worn)
Scrolls
 j - 2 scrolls of noise {unknown}
 k - a scroll of teleportation {unknown}
 l - a scroll of amnesia {unknown}
Potions
 e - 2 potions of curing {unknown}
 h - 2 potions of haste {unknown}
 i - a potion of degeneration {unknown}
 m - a potion of mutation {unknown}


   Skills:
 + Level 3.1 Fighting
 + Level 4.9 Long Blades
 + Level 2.2 Throwing
 + Level 1.8 Armour
 + Level 3.8 Dodging


You had 3 spell levels left.
You didn't know any spells.
Your spell library contained the following spells:

 Spells                   Type           Power      Damage    Failure   Level
 Ozocubu's Armour         Ice            0%         N/A       94%         3
 Metabolic Englaciation   Hex/Ice        0%         N/A       100%        5
 Simulacrum               Ice/Necr       0%         N/A       100%        6
 Ozocubu's Refrigeration  Ice            0%         4d5       100%        7


Dungeon Overview and Level Annotations

Branches:
Dungeon (3/15)

Altars:

Shops:
D:2 =


Innate Abilities, Weirdness & Mutations

You have a pair of horns on your head.
You reflexively headbutt those who attack you in melee.


Message History

An orc comes into view. It is wielding a +0 club.
The orc shouts!
The frilled lizard bites you but does no damage.
You barely miss the frilled lizard.
Your headbutt misses the frilled lizard.
The frilled lizard closely misses you. The orc closely misses you.
You slash the frilled lizard!
You kill the frilled lizard!
The orc closely misses you.
The orc hits you with a +0 trident of venom.
You are poisoned.
You see here a frilled lizard corpse.
You closely miss the orc. You headbutt the orc.
The orc is lightly wounded.
You feel sick.
The orc hits you with a +0 trident of venom.
You are more poisoned.
You hit the orc.
The orc is moderately wounded.
You feel very sick. The orc hits you but does no damage.
You are more poisoned.
You barely miss the orc.
The orc is moderately wounded.
You feel very sick.
The orc barely misses you. x2; You furiously retaliate!
You headbutt the orc, but do no damage. You closely miss the orc.
The orc is moderately wounded.
You feel very sick. The orc barely misses you. You furiously retaliate!
You headbutt the orc. You hit the orc but do no damage.
Your headbutt misses the orc.
The orc is severely wounded.
You feel very sick.
The orc hits you with a +0 trident of venom!
* * * LOW HITPOINT WARNING * * *
You are more poisoned.
You barely miss the orc. You headbutt the orc, but do no damage.
The orc is severely wounded.
You die...

#.....####
#.#####..#.##
#........>.#
#####.###.###
#)# ...
#.###.###
#(....#
####.#####o####
#...@oSo....
#######o..##
..# .


You could see 4 orcs and a ball python.

Vanquished Creatures
  2 adders
  2 worms (D:2)
  2 dart slugs
  An orc (D:3)
  3 ball pythons
  4 bats
  8 endoplasms
  4 goblins
  7 hobgoblins
  8 jackals
  6 kobolds
  2 quokkas
  4 frilled lizards
  3 rats (D:1)
56 creatures vanquished.

Vanquished Creatures (others)
  5 plants (D:3)
5 creatures vanquished.

Grand Total: 61 creatures vanquished

Notes
Turn   | Place    | Note
-------+----------+-------------------------------------------
     0 | D:1      | Eitelfritz the Minotaur Gladiator began the quest for the
                  | Orb.
     0 | D:1      | Reached XP level 1. HP: 18/18 MP: 0/0
   173 | D:1      | Found a faded altar of an unknown god.
   348 | D:1      | Reached skill level 4 in Long Blades
   348 | D:1      | Reached XP level 2. HP: 25/25 MP: 1/1
   842 | D:1      | Reached XP level 3. HP: 30/30 MP: 2/2
  1436 | D:2      | Found Biluvvef's Jewellery Boutique.
  1977 | D:2      | Reached skill level 1 in Armour
  1977 | D:2      | Reached XP level 4. HP: 28/38 MP: 3/3
  2487 | D:3      | Succumbed to an orc's poison

Illustrated notes

Levels and vault maps discovered:
D:1:      minmay_arrival_widening_spiral_wide, layout_loops_cross,
          shapermc_ecumenical_altar_venn, hangedman_decor_growths,
          chequers_jeans, grunt_decor_resistance
D:2:      layout_loops_ring, serial_shops, nicolae_shop_hallway_plus,
          st_stairs_10, kennysheep_generic_room_15
D:3:      layout_loops_ring, serial_bayou_lagoon_b

Skill      XL: |  1  2  3 |
---------------+----------+-----
Long Blades    | 4 |  4.9
Fighting       | 3 |  3.1
Armour         | 1 |  1.8
Throwing       | |  2.2
Dodging        | |  3.8

Action                   |  1- 3 |  4- 6 || total
-------------------------+-------+-------++-------
Melee: Long sword        |    84 |    37 ||   121
       Headbutt          |    11 |     9 ||    20
Armor: Ring mail         |    32 |    10 ||    42
Dodge: Dodged            |    59 |    23 ||    82
